 Dungeon Crawl Stone Soup version 0.24-a0-439-g6dd8730de2 (webtiles) character file.

Game seed: 17400393853898857757

56 galech the Shield-Bearer (level 3, -1/29 HPs)
             Began as a Demonspawn Fighter on June 17, 2019.
             Slain by an ogre
             ... wielding a +0 giant club
              (9 damage)
             ... on level 2 of the Dungeon.
             The game lasted 00:01:14 (1293 turns).

galech the Shield-Bearer (Demonspawn Fighter)       Turns: 1293, Time: 00:01:15

Health: -1/29      AC:  6    Str: 21    XL:     3   Next: 69%
Magic:  3/3        EV:  7    Int:  9    God:
Gold:   91         SH:  9    Dex: 13    Spells: 2/2 levels left

rFire    . . .     SeeInvis .   a - +0 war axe
rCold    . . .     Gourm    .   c - +0 shield
rNeg     . . .     Faith    .   b - +0 scale mail
rPois    .         Spirit   .   (no helmet)
rElec    .         Reflect  .   (no cloak)
rCorr    .         Harm     .   (no gloves)
MR       .....                  (no boots)
Stlth    ..........             n - amulet of regeneration
HPRegen  0.49/turn              (no ring)
MPRegen  0.08/turn              (no ring)

@: mighty
A: claws 1
a: no special abilities


You were on level 2 of the Dungeon.
You were not hungry.

You visited 1 branch of the dungeon, and saw 2 of its levels.

You collected 91 gold pieces.

Inventory:

Hand Weapons
 a - a +0 war axe (weapon)
Armour
 b - a +0 scale mail (worn)
 c - a +0 shield (worn)
Jewellery
 n - an amulet of regeneration (around neck)
 o - an uncursed ring of magical power {unknown}
Scrolls
 g - a scroll of teleportation {unknown}
 i - 5 scrolls of identify {unknown}
 j - 2 scrolls of amnesia {unknown}
 l - a scroll of magic mapping {unknown}
Potions
 d - 2 potions of might
 e - a potion of agility {unknown}
 h - 3 potions of heal wounds {unknown}
 k - 2 potions of flight {unknown}
 p - a potion of curing {unknown}
Comestibles
 f - 2 rations
 m - 2 chunks of flesh


   Skills:
 + Level 3.3 Fighting
 + Level 2.2 Axes
 + Level 2.8 Armour
 + Level 3.6 Shields


You had 2 spell levels left.
You didn't know any spells.
Your spell library was empty.

Dungeon Overview and Level Annotations

Branches:
Dungeon (2/15)

Altars:


Innate Abilities, Weirdness & Mutations

You have sharp fingernails.


Message History

The kobold throws a stone.
The stone hits you but does no damage.
Found an escape hatch in the ceiling.
There is an open door here.
The kobold barely misses you.
You slash the kobold!
You kill the kobold!
An ogre comes into view. It is wielding a +0 giant club.
Things that are here:
2 stones; a kobold corpse The ogre hits you with a +0 giant club!!
Ouch! That really hurt!
* * * LOW HITPOINT WARNING * * *
Found a sedimented inky potion.
You are too injured to fight recklessly!
You are too injured to fight recklessly!
An ogre is nearby!
An ogre is nearby!
You feel very mighty all of a sudden. The ogre hits you with a +0 giant club!
You die...

#############
#...........#
#...........#
#...........#
#...........# ###
#.....).....#####...
#.................##
###########...........#.
......O@(.'(............
...<..#####.............
..... #.......[.....
.... #.....รท....... ...
#............. .!
#..........#.. .
#..........#..
############.. #..


You could see an ogre.

Vanquished Creatures
  An adder (D:2)
  An ooze (D:1)
  2 dart slugs (D:1)
  6 bats
  2 giant cockroaches (D:1)
  10 goblins
  2 hobgoblins (D:1)
  2 jackals (D:2)
  5 frilled lizards
  3 kobolds
  4 rats
38 creatures vanquished.

Notes
Turn   | Place    | Note
-------+----------+-------------------------------------------
     0 | D:1      | galech the Demonspawn Fighter began the quest for the Orb.
     0 | D:1      | Reached XP level 1. HP: 18/18 MP: 1/1
   220 | D:1      | Gained mutation: You have sharp fingernails. [demonic
                  | ancestry]
   220 | D:1      | Reached XP level 2. HP: 24/24 MP: 2/2
   523 | D:1      | Reached XP level 3. HP: 23/29 MP: 3/3
  1290 | D:2      | Noticed an ogre
  1293 | D:2      | Slain by an ogre

Levels and vault maps discovered:
D:1:      co_arrival_random_square_maze, layout_loops_corners,
          roderic_roman_lattice, minmay_tromino_i2
D:2:      layout_basic

Skill      XL: |  1  2 |
---------------+-------+-----
Shields        | 3 |  3.6
Axes           | 2 |  2.2
Fighting       | |  3.3
Armour         | |  2.8

Action                   || total
-------------------------++-------
Melee: War axe           ||   113
  Use: Potion            ||     1
  Eat: Chunk             ||     1
Armor: Scale mail        ||    55
Dodge: Dodged            ||    34
Block: Shield            ||    60

Table legend:
 A = Non-vault XP
 B = Vault XP
 C = Vault XP percentage of total XP
 D = Non-vault monster count
 E = Vault monster count
 F = Vault count percentage of total count
                 A         B        C        D         E       F
            +---------+---------+-------+---------+---------+-------
      Total |      77 |       3 |   3.8 |      36 |       2 |   5.3
            +---------+---------+-------+---------+---------+-------
        D:1 |      49 |       3 |   5.8 |      25 |       2 |   7.4
        D:2 |      28 |       0 |   0.0 |      11 |       0 |   0.0
            +---------+---------+-------+---------+---------+-------
